Map: Ulrena

Players

MorN

  • Race: Terran Terran
  • League: Master

Ingeniare - Winner!

  • Race: Zerg Zerg
  • League: Diamond

VOD

Have the link to the VOD?

Description

Time

  • Played on: Nov. 18, 2015, 7:04 p.m.
  • Length: 4:32
Show
View Real Time Build Order
Export as new Build Order

MorN Terran 

Build Orders: Reaper Expand 

Get SALT Encoding   

  12  0:00  SCV  
  13  0:13  SCV  
  14  0:17  Supply Depot  
  14  0:25  SCV  
  15  0:39  SCV  
  15  0:40  Barracks  
  16  0:48  Refinery  
  16  0:51  SCV  
  17  1:03  SCV  
  18  1:15  SCV  
  19  1:30  Reaper  
  20  1:34  Orbital Command  
  20  1:44  Command Center  
  20  1:54  Supply Depot  
  20  2:02  SCV  
  20  2:03  Reaper  
  22  2:15  SCV  
  23  2:30  Factory  
  23  2:45  Barracks Reactor  
  23  2:47  SCV  
  24  2:58  SCV  
  24  3:03  Refinery  
  24  3:04  Command Center  
  24  3:05  SCV  
  27  3:15  Orbital Command  
  27  3:17  SCV  
  26  3:30  Starport  
  26  3:32  SCV  
  27  3:37  Hellion x2  
  27  3:38  Barracks Reactor  
  27  3:40  SCV  
  32  3:44  SCV  
  33  3:52  SCV  
  34  3:56  SCV  
  34  3:58  Hellion x2  
  39  4:04  SCV  
  39  4:09  SCV  
Show
View Real Time Build Order
Export as new Build Order

Ingeniare Zerg - Winner!

Build Orders: Hatch First 

Get SALT Encoding   

  12  0:01  Drone  
  13  0:12  Overlord  
  13  0:19  Drone  
  14  0:30  Drone x2  
  14  0:35  Drone  
  17  0:45  Drone  
  18  0:58  Hatchery  
  18  1:00  Drone  
  18  1:15  Spawning Pool  
  17  1:18  Drone  
  17  1:22  Extractor  
  17  1:28  Drone x2  
  19  1:48  Drone  
  19  1:50  Overlord  
  20  2:02  Queen  
  20  2:04  Spine Crawler  
  20  2:06  Zergling x2  
  22  2:11  Queen  
  24  2:20  Drone x2  
  26  2:36  Drone x4  
  28  2:48  Metabolic Boost  
  28  2:56  Zergling x8  
  31  3:07  Spine Crawler  
  29  3:29  Zergling x2  
  29  3:30  Zergling x10  
  35  3:34  Overlord x2  
  36  3:44  Overlord  
  36  3:45  Overlord  
  36  3:53  Drone x4  
  40  4:09  Overlord x2  
  40  4:15  Roach Warren  
Tags
 
Add a new tag
Caveats
  • Supply blocks, unpowered buildings, or Contaminate may cause inaccurate times.
  • Supply counts are checked every 10 seconds.